 Dungeon Crawl Stone Soup version 0.32-a0-868-g153ae1a (webtiles) character file.

Game seed: 15011782694413506594

73 RememberNoOTab the Magician (level 4, -1/30 HPs)
             Began as a Demonspawn Conjurer on Mar 28, 2024.
             Slain by Crazy Yiuf
             ... wielding a +4 quarterstaff of chaos
              (9 damage)
             ... on level 4 of the Dungeon.
             The game lasted 00:01:55 (2223 turns).

RememberNoOTab the Magician (Demonspawn Conjurer)   Turns: 2223, Time: 00:01:56

Health: -1/30      AC:  3    Str:  7    XL:     4   Next: 8%
Magic:  6/10       EV: 11    Int: 21    God:
Gold:   88         SH:  0    Dex: 11    Spells: 8/11 levels left

rFire   . . .        (no weapon)
rCold   . . .        (no shield)
rNeg    . . .        a - +0 robe
rPois   .            (no helmet)
rElec   .            (no cloak)
rCorr   .            (no gloves)
SInv    .            n - +0 pair of boots
Will    .....        (no amulet)
Stlth   ++           (no ring)
HPRegen 0.25/turn    (no ring)
MPRegen 0.12/turn

%: no passive effects
@: no status effects
A: claws 1, ignite blood 1
a: no special abilities


You were on level 4 of the Dungeon.
You visited 1 branch of the dungeon, and saw 4 of its levels.

You collected 88 gold pieces.

Inventory:

Missiles
 g - 3 curare-tipped darts
Armour
 a - a +0 robe (worn)
 n - a +0 pair of boots (worn)
Scrolls
 c - a scroll of amnesia {unknown}
 e - a scroll of brand weapon {unknown}
 f - 2 scrolls of identify {unknown}
 h - a scroll of butterflies {unknown}
 i - a scroll of poison {unknown}
 k - a scroll of fog {unknown}
Potions
 b - a potion of magic
 d - 2 potions of curing {unknown}
 j - 2 potions of heal wounds {unknown}
 l - a potion of might {unknown}
 m - a potion of brilliance {unknown}


   Skills:
 - Level 1.7 Dodging
 - Level 1.7 Stealth
 + Level 4.1 Spellcasting
 - Level 4.0 Conjurations


You had 8 spell levels left.
You knew the following spells:

 Your Spells              Type           Power      Damage    Failure   Level
a - Magic Dart            Conj           84%        1d7       2%          1
b - Searing Ray           Conj           42%        2d6       3%          2

Your spell library contained the following spells:

 Spells                   Type           Power      Damage    Failure   Level
 Fulminant Prism          Conj/Alch      6%         3d7       45%         4
 Iskenderun's Mystic Bla Conj/Tloc 12%            2d5        (+2d2     45%         4


Dungeon Overview and Level Annotations

Branches:
Dungeon (3/15)

Altars:
Xom

Annotations:
D:4 Crazy Yiuf


Innate Abilities, Weirdness & Mutations

You have sharp fingernails.
Your demonic aura sometimes causes spilled blood to erupt in flames.


Message History

An endoplasm comes into view.
An endoplasm is nearby!
An endoplasm is nearby!
The magic dart hits the endoplasm.
The endoplasm is heavily wounded.
The magic dart hits the endoplasm.
The endoplasm is severely wounded.
The magic dart hits the endoplasm.
You kill the endoplasm!
You can't see any susceptible monsters within range! (Use Z to cast anyway.)
You see here a +0 ring mail.
A malevolent force fills the Dungeon...
You fall into a shaft and drop 1 floor!
The shaft crumbles and collapses.
Found two hammers.
You see here a +0 hammer.
Found seven hammers.
Found a runed translucent door.
You see here a +0 hammer.
Found a hammer.
You see here a +0 hammer.
You see here a +0 hammer.
Found two hammers.
You see here a +0 hammer.
You open the door.
Casting: Magic Dart (safe; 2% risk of failure)
Confirm with . or Enter, or press ? or * to list all spells.
Aiming: Searing Ray (safe; 3% risk of failure)
Press: ? - help, Shift-Dir - straight line, f - Crazy Yiuf
Aim: Crazy Yiuf, wielding a +4 quarterstaff of chaos and wearing a +0 cloak (81% to hit)
The searing ray misses Crazy Yiuf. (Press . to maintain the ray.)
The searing ray misses Crazy Yiuf.
Crazy Yiuf hits you with a +4 quarterstaff of chaos.
Crazy Yiuf freezes you.
The searing ray hits Crazy Yiuf.
Crazy Yiuf is moderately wounded.
Crazy Yiuf hits you with a +4 quarterstaff of chaos!
* * * LOW HITPOINT WARNING * * *
You are electrocuted!
You die...

#####
#).÷#
#)))#
)))
#g#
♣@♣♣
♣♣)♣
♣)♣♣
♣♣)♣
♣)♣♣
♣..)♣
♣....♣
#....#
##..##


You could see Crazy Yiuf.

Vanquished Creatures
  2 adders
  2 gnolls (D:2)
  A dart slug (D:1)
  3 ribbon worms (D:2)
  3 endoplasms
  3 goblins
  3 hobgoblins
  2 kobolds
  A quokka (D:1)
  3 ball pythons
  3 bats
  2 frilled lizards
  3 rats
31 creatures vanquished.

Notes
Turn   | Place    | Note
-------+----------+-------------------------------------------
     0 | D:1      | RememberNoOTab the Demonspawn Conjurer began the quest for
                  | the Orb.
     0 | D:1      | Reached XP level 1. HP: 13/13 MP: 3/3
   340 | D:1      | Gained mutation: You have sharp fingernails. [demonic
                  | ancestry]
   340 | D:1      | Reached XP level 2. HP: 19/19 MP: 1/5
  1149 | D:2      | Learned a level 2 spell: Searing Ray
  1524 | D:2      | Found a shimmering altar of Xom.
  1539 | D:2      | Reached XP level 3. HP: 24/24 MP: 4/7
  2155 | D:3      | Gained mutation: Your demonic aura sometimes causes spilled
                  | blood to erupt in flames. [demonic ancestry]
  2155 | D:3      | Reached XP level 4. HP: 30/30 MP: 6/10
  2215 | D:3      | You fall into a shaft and drop 1 floor!
  2216 | D:4      | Found a runed translucent door.
  2217 | D:4      | Noticed Crazy Yiuf
  2223 | D:4      | Slain by Crazy Yiuf

Illustrated notes

Levels and vault maps discovered:
D:1:      wheals_arrival_shading, layout_basic, minmay_fountain_box,
          amcnicky_mini_corridor_feature, grunt_decor_junction,
          nicolae_concentric_dashed_squares_wild
D:2:      layout_rooms, basic_altar, minivault_5, due_unseen_surprise
D:3:      layout_rooms, minmay_goblin_kobold_house
D:4:      layout_loops_ring, minmay_temple_entry_trees, uniq_natasha,
          uniq_crazy_yiuf_cottage

Skill      XL: |  1  2  3 |
---------------+----------+-----
Spellcasting   | 3 4 |  4.1
Dodging        | |  1.7
Stealth        | |  1.7
Conjurations   | |  4.0

Action                     |  1- 3 |  4- 6 || total
---------------------------+-------+-------++-------
  Melee: Unarmed           |    10 |       ||    10
   Cast: Magic Dart        |    70 |     3 ||    73
         Searing Ray       |     7 |     1 ||     8
 Armour: Robe              |    17 |     2 ||    19
  Dodge: Dodged            |    24 |       ||    24

Table legend: (Time is in decaauts)
 A = Elapsed time spent in this place.
 B = Non-inter-level travel time spent in this place.
 C = Inter-level travel time spent in this place.
 D = Time resting spent in this place.
 E = Time spent auto-exploring this place.
 F = Levels seen in this place.
 G = Mean time per level.
                   A        B        C        D        E       F      G
               +--------+--------+--------+--------+--------+-----+--------+
         Total |   2225 |   2099 |    126 |    182 |   1630 |   4 |  556.2 |
       Dungeon |   2225 |   2099 |    126 |    182 |   1630 |   4 |  556.2 |
               +--------+--------+--------+--------+--------+-----+--------+

Top non-repeatable levels by time:
     D:2: 1162 daAuts
     D:1: 977 daAuts
     D:3: 77 daAuts
     D:4: 7 daAuts
